woodfighter, neutral female scurrid Archeologist # ---------- ---.- |........-- |....### |..........# #-..(| # |.........|# #|...| ### |.........|# #----- # |.........|# # ### --------------- ---- |........--# # # |....%.......*| ##...| -------.-- ### # ###|.[...^.......| # |..| ## # # #...............##`###### |..| # ###------------# ------------.-- # |..| ### e-.%.....}}}|# ##...| # |......;;}}|# # ---- # #d###.....}}@;}}.## ### ------.--- # #-.-----d---- # # |.........#### ########f############################## ### |....[...| # -----.---`- # |........| #########+......<..-#### ---------- |.........| ----------- woodfighter the Field Worker Experience level: 5 Strength: 12 Dexterity: 12 Constitution: 14 Intelligence: 16 Wisdom: 13 Charisma: 14 Health: 0(34) Energy: 23(23) Def: 2 Gold: 0 Moves: 1220 Dungeon seed: iSOZxEQz2tEWAycp Game ID: woodfighter_1532907699 Your Inventory: Weapons a - a +2 bullwhip (weapon in paw) l - a blessed +1 dagger t - a +0 dagger Armor e - an uncursed +0 leather jacket (being worn) n - an uncursed +0 pair of leather gloves (being worn) Comestibles b - 3 uncursed chestnuts r - an uncursed tripe ration C - an uncursed pear F - an uncursed carrot L - 2 uncursed sprigs of wolfsbane P - an uncursed cram ration R - an uncursed egg T - an uncursed tin of floating eye meat Wands d - a wand of light (0:13) Tools c - an uncursed pair of lenses h - an uncursed oil lamp (0:1426) s - an uncursed sack y - an uncursed skeleton key Gems Q - an uncursed touchstone Contents of the sack: 769 gold pieces 2 [uncursed] scrolls of blank paper a [uncursed] scroll of enchant armor a [uncursed] scroll of enchant weapon a [uncursed] scroll of genocide 2 [uncursed] scrolls of identify a [uncursed] scroll of light a [blessed] scroll of remove curse a [uncursed] scroll of remove curse a [uncursed] scroll of scare monster a [uncursed] scroll of teleportation a [blessed] scroll of water a [uncursed] spellbook of invisibility a [cursed] potion of extra healing a [uncursed] potion of gain level a [cursed] potion of levitation a [uncursed] potion of water a [cursed] ring of polymorph Spells and supernatural/magical abilities: Name Level Category Fail Memory W - pray for help -- divine ? -- Your skills at the end: Miscellaneous Skills wands [Basic] Weapon Skills whip [Basic] Spellcasting Skills Final Attributes: You were devoutly aligned. You had infravision. You were very stealthy. You were fast. You are dead. Vanquished creatures: a rock piercer a fog cloud a homunculus 4 iguanas 2 jitterbugs a giant bat a werejackal a hobbit 2 geckos 2 giant rats a green mold a red mold 4 manes 9 jackals a kobold 3 newts 2 goblins a sewer rat 5 grid bugs 3 lichens a kobold zombie 47 creatures vanquished. Voluntary challenges: You did not adorn yourself with jewelry or accessories. You did not cause conflict. You were not invisible. You did not have reflection. You were not displaced. You were an atheist. You used a wielded weapon 83 times, starting on turn 121. You did not apply a unicorn horn. You did not use plumbed fixtures. You did not drink any magical draughts. You were illiterate. You never genocided any monsters. You never polymorphed an object. You never changed form. You used no wishes. You never split a pudding. You never wrote Elbereth's name. You never violated your personal moral code. Dungeon overview: The Dungeons of Doom: levels 1 to 6 Level 1 a fountain a long staircase Level 2 a fountain Level 3 a general store, a fountain stairs to The Gnomish Mines Level 4 (water) Level 5 (eye) a sink Level 6 <- You were here The Gnomish Mines: Level 4 stairs to The Dungeons of Doom History has recorded: On T:1 you entered the Dungeons of Doom to retrieve the Amulet of Yendor! On T:90 you reached level 2 of The Dungeons of Doom. On T:265 you reached level 3 of The Dungeons of Doom. On T:346 you advanced to experience level 2. On T:472 you advanced to experience level 3. On T:483 you reached level 4 of The Dungeons of Doom. On T:526 you reached level 1 of The Gnomish Mines. On T:590 you reached level 5 of The Dungeons of Doom. On T:844 you advanced to experience level 4. On T:875 you reached level 6 of The Dungeons of Doom. On T:1089 you advanced to experience level 5. Score breakdown: Gold: 769 ( 76 points) Experience: 5 levels ( 400 points) Exploration: 6 levels ( 150 points) Discoveries: 21 items ( 1050 points) Variety of kills: 21 monsters ( 1050 points) Major goal: (nothing yet) ( 0 points) Survival: died (score multiplied by 3) Total score: 8178 Latest messages: You displace your large dog. You start chewing a hole in the rock. You continue digging. You continue chewing on the rock. You succeed in cutting away some rock. You start chewing a hole in the rock. You continue digging. You continue chewing on the rock. You succeed in cutting away some rock. You start chewing a hole in the rock. You continue digging. You continue chewing on the rock. You succeed in cutting away some rock. You displace your large dog. You stop. Kitty is in the way! (2x) You hear some noises in the distance. You start chewing a hole in the rock. You continue digging. You continue chewing on the rock. You make an opening in the wall. You put 9 gold pieces into the sack. The piranha bites! (3x) You die... Final status: Goodbye woodfighter the Archeologist, killed by a piranha... You died in The Dungeons of Doom on dungeon level 6 with 8178 points, and 769 pieces of gold, after 1220 moves. You were level 5 with a maximum of 34 hit points when you died.